Map: Catalyst LE

Players

eonblu - Winner!

  • Race: Zerg Zerg
  • Spawn Location: 5:00

Spazymazy

  • Race: Zerg Zerg
  • Spawn Location: 11:00

Event: WCS Valencia 2018

VOD

Have the link to the VOD?

Description

Time

  • Played on: July 12, 2018, 6:57 a.m.
  • Length: 12:05

All games in this series

Show
View Real Time Build Order
Export as new Build Order

eonblu Zerg - Winner!

Build Orders: Hatch First 

Get SALT Encoding   

  12  0:00  Drone  
  13  0:12  Overlord  
  13  0:17  Drone  
  14  0:30  Drone x2  
  16  0:49  Hatchery  
  15  0:52  Drone  
  15  0:55  Drone  
  17  1:05  Extractor  
  17  1:10  Spawning Pool  
  15  1:14  Drone  
  15  1:17  Drone  
  17  1:20  Drone  
  18  1:30  Drone  
  19  1:57  Zergling x4  
  19  2:00  Zergling x2, Queen x2  
  26  2:01  Zergling x2  
  27  2:12  Spine Crawler  
  27  2:14  Zergling x4  
  26  2:34  Drone  
  26  2:35  Drone  
  27  2:41  Drone  
  27  2:45  Overlord  
  27  2:52  Evolution Chamber  
  27  2:54  Drone x2  
  28  3:04  Drone  
  28  3:05  Drone x3  
  32  3:08  Drone  
  32  3:10  Drone  
  33  3:13  Drone  
  33  3:16  Drone  
  35  3:25  Drone  
  36  3:30  Zerg Missile Weapons Level 1  
  36  3:31  Overlord  
  36  3:42  Hatchery  
  36  3:44  Drone  
  36  3:45  Lair  
  36  3:48  Extractor  
  35  3:49  Extractor  
  35  3:50  Drone  
  35  3:53  Drone  
  35  3:54  Drone  
  37  3:55  Drone  
  37  3:59  Drone  
  37  4:00  Drone  
  40  4:04  Drone  
  40  4:07  Drone  
  40  4:09  Overlord  
  42  4:10  Drone  
  42  4:12  Drone  
  44  4:22  Roach Warren  
  43  4:26  Overlord  
  43  4:28  Drone  
  43  4:29  Drone  
  45  4:46  Overlord  
  45  4:57  Queen  
  47  5:04  Glial Reconstitution  
  47  5:05  Roach  
  47  5:06  Roach x8  
  47  5:07  Roach  
  67  5:09  Overseer  
  67  5:14  Overlord  
  67  5:16  Roach  
  67  5:17  Roach  
  67  5:19  Drone  
  67  5:21  Drone  
  73  5:22  Drone  
  74  5:34  Drone x4  
  78  5:44  Overlord x3, Drone  
  79  5:52  Overlord  
  79  5:54  Drone  
  80  5:59  Overlord x2  
  80  6:00  Zerg Missile Weapons Level 2  
  80  6:04  Roach  
  80  6:05  Roach x3  
  80  6:09  Overseer  
  88  6:12  Roach  
  88  6:13  Roach x3  
  88  6:16  Overlord  
  96  6:19  Ravager  
  96  6:20  Ravager x3  
  100  6:26  Roach x3  
  100  6:27  Roach  
  100  6:30  Overlord  
  108  6:36  Roach  
  108  6:37  Roach x3  
  116  6:42  Extractor, Overlord  
  116  6:46  Drone x3  
  118  6:50  Overlord  
  118  6:54  Roach  
  118  6:56  Roach  
  118  6:57  Roach x3  
  114  7:14  Roach  
  114  7:15  Roach x5  
  116  7:29  Roach x3  
  111  7:40  Roach  
  111  7:41  Roach x2  
  117  7:48  Roach x2  
  121  8:04  Roach x3  
  95  8:26  Roach x2  
  95  8:27  Roach x3  
  78  8:40  Roach  
  78  8:41  Roach x2  
  67  8:49  Roach x2  
  60  9:16  Roach  
  58  9:17  Roach x5  
  62  9:29  Roach  
  62  9:32  Queen  
  62  9:33  Drone  
  61  9:42  Roach  
  61  9:43  Roach  
  57  9:49  Drone  
  57  9:50  Drone  
  57  10:01  Roach x2  
  57  10:07  Ravager  
  62  10:13  Roach  
  62  10:14  Roach x3  
  68  10:34  Roach  
  68  10:35  Roach x5  
  80  10:49  Roach x2  
  75  11:07  Roach  
  75  11:08  Roach x2  
  80  11:17  Roach x2  
  84  11:20  Ravager  
  84  11:23  Ravager  
  84  11:24  Ravager  
  87  11:34  Roach  
Show
View Real Time Build Order
Export as new Build Order

Spazymazy Zerg 

Build Orders: Pool First 

Get SALT Encoding   

  12  0:17  Spawning Pool  
  11  0:22  Drone  
  11  0:26  Drone  
  13  0:31  Drone  
  14  0:40  Overlord  
  14  1:03  Zergling x2  
  14  1:04  Zergling x2  
  16  1:05  Zergling x2  
  17  1:15  Zergling x2  
  18  1:19  Hatchery  
  17  1:26  Zergling x2  
  18  1:35  Queen  
  20  1:40  Zergling x2  
  21  1:50  Zergling x2  
  22  1:58  Overlord  
  22  2:16  Queen  
  21  2:36  Drone x2  
  19  2:45  Drone x6  
  25  2:56  Drone x2  
  27  3:01  Drone  
  28  3:08  Zergling x2  
  29  3:16  Drone  
  29  3:17  Extractor, Drone  
  30  3:22  Drone x2  
  30  3:23  Hatchery  
  31  3:28  Overlord  
  31  3:33  Overlord  
  31  3:40  Overlord  
  31  3:47  Drone x4  
  35  3:52  Drone x2  
  37  3:57  Drone x3  
  37  4:02  Extractor  
  39  4:05  Evolution Chamber  
  38  4:11  Roach Warren  
  38  4:13  Drone  
  38  4:14  Drone x5  
  44  4:19  Lair  
  44  4:24  Evolution Chamber  
  44  4:29  Queen  
  45  4:37  Overlord x2  
  45  4:40  Extractor  
  45  4:42  Drone  
  45  4:43  Drone x2  
  45  4:45  Zerg Missile Weapons Level 1  
  47  4:46  Drone  
  48  4:54  Drone x3  
  48  4:55  Drone  
  48  4:56  Extractor  
  48  4:58  Overlord  
  50  5:04  Roach x2  
  56  5:07  Roach  
  56  5:10  Roach  
  56  5:11  Roach  
  60  5:17  Overlord  
  60  5:18  Glial Reconstitution  
  60  5:21  Roach  
  62  5:25  Roach  
  62  5:28  Roach  
  66  5:29  Roach  
  66  5:33  Roach x2  
  72  5:38  Roach x2  
  76  5:47  Overlord  
  76  5:48  Overlord, Roach  
  78  5:54  Roach x3  
  84  5:59  Overlord  
  84  6:07  Roach x3  
  84  6:08  Ravager  
  84  6:09  Ravager  
  92  6:12  Roach  
  92  6:16  Roach x2  
  98  6:26  Hatchery  
  98  6:30  Overseer  
  97  6:33  Roach x3  
  103  6:41  Drone x2  
  103  6:42  Drone x3  
  108  6:50  Overlord x2  
  108  6:56  Overlord  
  108  7:08  Roach x4  
  102  7:11  Roach x2  
  99  7:20  Roach x3  
  95  7:29  Roach x2  
  76  7:39  Roach x3, Queen  
  76  7:41  Queen  
  86  7:45  Pneumatized Carapace  
  86  7:48  Roach, Ravager x3  
  91  7:51  Roach  
  91  7:52  Roach  
  91  7:54  Roach x2  
  99  8:01  Roach x3  
  99  8:04  Roach  
  99  8:05  Roach  
  83  8:22  Roach x2  
  83  8:23  Roach x3  
  83  8:32  Roach x3  
  78  8:40  Roach  
  78  8:41  Roach  
  54  8:56  Roach x4  
  54  9:00  Roach  
  46  9:19  Roach x3  
  46  9:24  Ravager  
  49  9:30  Roach x2  
  48  9:41  Roach x3  
  48  9:45  Drone  
  51  9:52  Roach x2  
  53  9:55  Drone  
  54  10:03  Roach x2  
  54  10:05  Drone  
  59  10:08  Drone  
  60  10:14  Roach  
  60  10:16  Roach  
  60  10:20  Roach  
  66  10:25  Roach  
  68  10:33  Roach  
  68  10:34  Roach x2  
  74  10:38  Roach  
  74  10:44  Roach  
  74  10:49  Drone x2  
  74  10:50  Drone  
  74  10:51  Drone  
  76  10:58  Roach x2  
  76  11:04  Drone x2  
  70  11:13  Drone x3  
  70  11:14  Roach  
  75  11:20  Queen  
  75  11:23  Ravager x2  
  79  11:26  Roach  
  79  11:30  Roach  
  83  11:34  Roach  
Tags
 
Add a new tag
Caveats
  • Supply blocks, unpowered buildings, or Contaminate may cause inaccurate times.
  • Supply counts are checked every 10 seconds.